 Dungeon Crawl Stone Soup version 0.31.0-32-g396128a36d (webtiles) character file.

Game seed: 8454812023278564485

15168 DildoBatman the Peltast (level 12, -4/86 HPs)
             Began as a Formicid Conjurer on Mar 14, 2024.
             Was an Initiate of Gozag.
             Incinerated by a smoke demon (8 damage)
             ... with a pyre arrow
             ... in a Gauntlet.
             The game lasted 00:47:40 (14257 turns).

DildoBatman the Peltast (Formicid Conjurer)        Turns: 14257, Time: 00:47:40

Health: -4/86      AC:  6    Str: 12    XL:     12   Next: 54%
Magic:  4/21       EV: 15    Int: 29    God:    Gozag
Gold:   734        SH: 23    Dex: 12    Spells: 13/23 levels left

rFire   . . .        a - +4 halberd (elec)
rCold   + . .        y - +0 tower shield
rNeg    . . .        M - +2 robe {rC+}
rPois   +            (helmet unavailable)
rElec   .            S - +1 cloak of Muawk {rPois Regen+}
rCorr   .            (no gloves)
SInv    +            (no boots)
Will    +....        U - amulet of reflection
Stlth   +            m - +5 ring of evasion
HPRegen 1.14/turn    l - +6 ring of intelligence
MPRegen 0.17/turn

%: reflection
@: on fire, gold aura, glowing
A: permanent stasis, dig shafts and tunnels, antennae 3, four strong arms
a: Dig, Renounce Religion, Potion Petition, Call Merchant, Bribe Branch


You were in a Gauntlet.
You worshipped Gozag.
Gozag was pleased with you.
You visited 3 branches of the dungeon, and saw 13 of its levels.
You also visited: Bailey and Gauntlet.

You collected 1212 gold pieces.
You spent 315 gold pieces at shops.
You paid 163 gold pieces to Gozag.

Inventory:

Hand Weapons
 a - a +4 halberd of electrocution (weapon)
 b - a +2 antimagic short sword
 c - a +0 sling
 d - a +2 scimitar of flaming
 e - a +4 vampiric trident
Missiles
 f - 5 javelins
 g - a curare-tipped dart
 E - 2 throwing nets
 K - 10 poisoned darts
Armour
 h - a +2 cloak of willpower
 y - a +0 tower shield (worn)
 M - a +2 robe of cold resistance (worn)
 S - the +1 cloak of Muawk (worn) {rPois Regen+}
   (You bought it in a shop on level 1 of the Dungeon)

   rPois:     It protects you from poison Regen+: It increases your rate of
   health regeneration.
Magical Staves
 O - a staff of death
Jewellery
 j - a ring of flight
 l - a +6 ring of intelligence (right hand)
 m - a +5 ring of evasion (left hand)
 T - a ring of positive energy
 U - an amulet of reflection (around neck)
 V - a ring of positive energy
Wands
 D - a wand of digging (8)
 N - a wand of charming (11)
 R - a wand of flame (26)
Scrolls
 i - a scroll of silence {unknown}
 r - 2 scrolls of revelation {unknown}
 s - a scroll of fog {unknown}
 t - 4 scrolls of enchant weapon
 v - 8 scrolls of poison
 z - a scroll of noise {unknown}
 A - 4 scrolls of enchant armour
 B - 2 scrolls of amnesia {unknown}
 C - 2 scrolls of blinking {unknown}
 F - 2 scrolls of brand weapon
 G - 2 scrolls of immolation {unknown}
 I - 4 scrolls of fear {unknown}
Potions
 k - 4 potions of brilliance
 n - 2 potions of enlightenment {unknown}
 o - 2 potions of might {unknown}
 p - a potion of ambrosia {unknown}
 q - 7 potions of heal wounds
 u - a potion of lignification {unknown}
 w - 4 potions of mutation {unknown}
 x - 3 potions of resistance {unknown}
 H - 4 potions of curing
 J - 4 potions of haste {unknown}
 L - 2 potions of degeneration {unknown}
 P - 3 potions of magic
 Q - 2 potions of invisibility {unknown}


   Skills:
 - Level 5.0 Fighting
 - Level 5.0 Armour
 - Level 3.0 Dodging
 - Level 4.0 Stealth
 - Level 15.0 Shields
 - Level 6.0 Spellcasting
 - Level 6.0 Conjurations
 * Level 8.7 Necromancy
 * Level 9.0 Earth Magic


You had 13 spell levels left.
You knew the following spells:

 Your Spells              Type           Power      Damage    Failure   Level
a - Borgnjor's Vile Clut  Necr/Erth      28%        N/A       19%         5
c - Searing Ray           Conj           86%        2d7       3%          2
e - Magic Dart            Conj           100%       1d8       2%          1
z - Sublimation of Blood  Necr           56%        N/A       1%          2

Your spell library contained the following spells:

 Spells                   Type           Power      Damage    Failure   Level
 Necrotise                Necr           100%       1d9       1%          1
 Passwall                 Erth           57%        N/A       1%          3
 Fugue of the Fallen      Necr           56%        N/A       2%          3
 Foxfire                  Conj/Fire      100%       2x1d9     8%          1
 Cigotuvi's Dreadful Rot  Necr/Alch/Air  50%        N/A       12%         2
 Curse of Agony           Necr           56%        N/A       21%         5
 Freeze                   Ice            32%        1d5       26%         1
 Call Imp                 Summ           16%        N/A       36%         2
 Ensorcelled Hibernation  Hex/Ice        16%        N/A       36%         2
 Petrify                  Alch/Erth      35%        N/A       36%         4
 Anguish                  Hex/Necr       16%        N/A       38%         4
 Martyr's Knell           Necr/Summ      33%        N/A       38%         4
 Tukima's Dance           Hex            8%         N/A       58%         3
 Fulminant Prism          Conj/Alch      13%        3d8       58%         4
 Iskenderun's Mystic Bla  Conj/Tloc      26%        2d7       58%         4
 Irradiate                Conj/Alch      13%        3d16      90%         5
 Ignite Poison            Fire/Alch      8%         N/A       94%         4
 Passage of Golubria      Tloc           8%         N/A       94%         4
 Sticky Flame             Fire/Alch      8%         2d4       94%         4
 Summon Mana Viper        Hex/Summ       8%         N/A       100%        5
 Yara's Violent Unravell  Hex/Alch       4%         3d4       100%        5
 Conjure Ball Lightning   Conj/Air       13%        3x3d6     100%        6
 Discord                  Hex            4%         N/A       100%        8
 Ignition                 Fire           4%         3d4       100%        8
 Blink                    Tloc           Unusable   N/A       N/A         2
 Swiftness                Air            Unusable   N/A       N/A         3

Dungeon Overview and Level Annotations

Branches:
Dungeon (11/15)            Temple (1/1) D:5            Lair (1/5) D:9
 Bailey (visited)         Gauntlet (1/1)
    Orc: D:9-12

Altars:
Ashenzari
Cheibriados
Dithmenos
Elyvilon
Fedhas
Gozag
Hepliaklqana
Kikubaaqudgha
Makhleb
Nemelex Xobeh
Okawaru
Qazlal
Ru
Sif Muna
Trog
Uskayaw
Vehumet
Wu Jian
Xom
Yredelemnul
Zin
The Shining One

Shops:
D:1 [   D:8 *[   D:11 *

Annotations:
D:4 1 runed translucent door, exclusion: air elemental, Killerpretzel's ghost, amateur OpSh
D:9 1 exclusion
D:10 2 runed translucent doors, Beaer's ghost, journeyman TrFi
Lair:1 exclusion: boulder beetle Gauntlet 7 transporters, exclusion: oklob plant


Innate Abilities, Weirdness & Mutations

You cannot be hasted, slowed, berserked, paralysed or teleported.
You can dig through walls and to a lower floor.
You have a pair of large antennae on your head. (SInv)
Your four strong arms can wield two-handed weapons with a shield.


Message History

You are covered in intense liquid fire!
The spectral crimson imp attacks as it pursues you!
You block the spectral crimson imp's attack.
You shake off some of the fire as you move.
The liquid fire burns you!
Casting: Searing Ray (safe; 3% risk of failure)
Confirm with . or Enter, or press ? or * to list all spells.
Aiming: Searing Ray (safe; 3% risk of failure)
Press: ? - help, Shift-Dir - straight line, f/p - smoke demon
Aim: a smoke demon (severely wounded, 84% to hit)
The searing ray hits the spectral crimson imp!
The spectral crimson imp is heavily damaged.
The searing ray hits the smoke demon.
The smoke demon is almost dead. (Press . to maintain the ray.)
The liquid fire burns you!
The crimson imp blinks!
You block the spectral crimson imp's attack.
The searing ray hits the spectral crimson imp but does no damage.
The spectral crimson imp is heavily damaged.
The searing ray hits the smoke demon!
You kill the smoke demon!
The liquid fire burns you!
The acid dragon roars!
The crimson imp picks up a beetle and eats it.
The spectral crimson imp hits you but does no damage.
Your Earth Magic skill increases to level 9!
The searing ray hits the spectral crimson imp!
The spectral crimson imp is almost destroyed.
The searing ray hits the crimson imp.
The crimson imp is moderately wounded.
The liquid fire burns you!
You block the spectral crimson imp's attack.
The searing ray hits the spectral crimson imp.
You destroy the spectral crimson imp!
The searing ray misses the crimson imp.
You finish channelling your searing ray.
The liquid fire burns you!
You die...
Your body crumbles into a pile of gold.

###..#.#.###.###...#.........#.
#..#.##.)©.###.8.#....§....#.
###..###########...###########.
#8#.....#.©.#....≈.............
###...8.#...#...§8≈...........≈
#.....#.©.#....≈.............
###..###########...###########.
#8#..#.........#.8.#.........#.
###..#.#...5.#@#...#D.##.##..#.
#..#.##$§.##.#####.#.^#..#.#.
###..#..##$##.$#...#.#.©#..#.#.
#8#..#....©...5#©.©#.^#####^.#.
###..#..#####..#...#.#..#..#.#.
#..#.##...##.#####.#..#^.#.#.
###..#.#.....#.#...#..##P##..#.
#8#..#..$.©.[..#.8.#..$.©[...#.
###..###########...###########§


You could see an acid dragon and a crimson imp.

Vanquished Creatures
  2 two-headed ogres
  Erica (D:10)
  A tengu warrior (Gauntlet)
  Pikel (D:4)
  A smoke demon (Gauntlet)
  An ice statue (Gauntlet)
  2 cane toads (Lair:1)
  2 rime drakes (Gauntlet)
  Jeremiah (D:6)
  2 unseen horrors
  2 unseen horror zombies
  Psyche (D:10)
  A red devil (Gauntlet)
  2 tengu conjurers (Gauntlet)
  2 shadows
  2 wraiths
  2 wyverns
  16 yaks
  A steam dragon (D:8)
  A two-headed ogre zombie (D:11)
  2 acid dragons
  A cane toad zombie (Lair:1)
  8 water moccasins
  Duvessa (D:5)
  3 black bears
  2 sky beasts (D:8)
  An orc warrior (Bailey)
  4 wolves (Lair:1)
  A centaur (D:8)
  3 lemures
  2 kobold brigands
  4 bullfrogs
  5 scorpions
  2 wyvern zombies (D:8)
  Dowan (D:5)
  A yak zombie (D:11)
  6 killer bees (D:9)
  9 howler monkeys
  2 crimson imps (Gauntlet)
  2 bombardier beetles
  A centaur zombie (D:8)
  3 orc priests
  3 hounds
  7 iguanas
  8 orc wizards
  2 killer bee zombies (D:8)
  4 howler monkey zombies
  17 gnolls
  7 adders
  2 shadow imps
  4 white imps
  2 ufetubi (D:7)
  A dart slug (D:5)
  3 ribbon worms
  38 orcs
  7 bats
  2 endoplasms
  3 giant cockroaches
  3 gnoll zombies (Bailey)
  7 goblins
  7 hobgoblins
  14 kobolds
  4 quokkas
  10 ball pythons
  2 frilled lizards (D:3)
  3 kobold zombies
  4 rats (D:1)
272 creatures vanquished.

Notes
Turn   | Place    | Note
-------+----------+-------------------------------------------
     0 | D:1      | DildoBatman the Formicid Conjurer began the quest for the
                  | Orb.
     0 | D:1      | Reached XP level 1. HP: 13/13 MP: 3/3
   213 | D:1      | Reached XP level 2. HP: 18/20 MP: 0/5
   216 | D:1      | Learned a level 2 spell: Searing Ray
   274 | D:1      | Found Fira Xeoxtuck's Armour Emporium.
   567 | D:1      | Reached XP level 3. HP: 25/25 MP: 3/6
   641 | D:1      | Reached skill level 1 in Fighting
  1195 | D:2      | Reached skill level 1 in Armour
  1240 | D:2      | Reached XP level 4. HP: 28/32 MP: 2/7
  2349 | D:3      | Reached XP level 5. HP: 23/38 MP: 2/9
  2413 | D:3      | Found a hazy altar of Hepliaklqana.
  2413 | D:3      | Found a glowing silver altar of Zin.
  2616 | D:3      | Found a shimmering blue altar of Sif Muna.
  2622 | D:3      | Got Sif Muna's Book of the Volcano
  2625 | D:3      | Got Sif Muna's Discursus on Refrigeration
  2627 | D:3      | Got Sif Muna's Precepts of Bombardment
  3203 | D:4      | Learned a level 2 spell: Sublimation of Blood
  3214 | D:4      | Noticed Killerpretzel's ghost (amateur OpSh)
  3218 | D:4      | Found a runed translucent door.
  3291 | D:4      | Found a stormy altar of Qazlal.
  3291 | D:4      | Noticed a lemure
  3291 | D:4      | Noticed a lemure
  3291 | D:4      | Noticed a lemure
  3292 | D:4      | Noticed Pikel
  3292 | D:4      | Noticed a fire elemental
  3293 | D:4      | Found a shadowy altar of Dithmenos.
  3381 | D:4      | Noticed an air elemental
  3416 | D:4      | Noticed a water elemental
  3467 | D:4      | Reached XP level 6. HP: 44/44 MP: 0/10
  3587 | D:5      | Entered Level 5 of the Dungeon
  3590 | D:5      | Noticed Duvessa
  3591 | D:5      | Noticed Dowan
  3599 | D:4      | Reached skill level 1 in Necromancy
  3926 | D:5      | Noticed a water moccasin
  4193 | D:5      | Found a snail-covered altar of Cheibriados.
  4336 | D:5      | Found a staircase to the Ecumenical Temple.
  4345 | Temple   | Entered the Ecumenical Temple
  4354 | Temple   | Became a worshipper of Kikubaaqudgha
  4751 | D:4      | Killed Pikel
  4752 | D:4      | Reached XP level 7. HP: 24/52 MP: 8/12
  4752 | D:4      | Reached XP level 8. HP: 27/58 MP: 8/13
  5389 | D:5      | Killed Dowan
  5502 | D:6      | Reached skill level 5 in Conjurations
  5607 | D:6      | Found an iron altar of Okawaru.
  5681 | D:6      | Noticed Jeremiah
  5790 | D:6      | Reached * piety under Kikubaaqudgha
  5790 | D:6      | Received a gift from Kikubaaqudgha
  5824 | D:6      | Found a broken altar of Ashenzari.
  5927 | D:6      | Found a glowing golden altar of the Shining One.
  5968 | D:6      | Reached XP level 9. HP: 66/66 MP: 9/16
  6180 | D:6      | Killed Jeremiah
  6181 | D:6      | Reached skill level 5 in Fighting
  6181 | D:6      | Reached skill level 5 in Armour
  6181 | D:6      | Reached skill level 5 in Spellcasting
  6246 | D:6      | Found a bloodstained altar of Trog.
  6356 | D:6      | Found an opulent altar of Gozag.
  6706 | D:7      | Reached skill level 1 in Shields
  6709 | D:7      | Found a hide-covered altar of Uskayaw.
  6822 | D:7      | Reached skill level 2 in Shields
  7425 | D:8      | Reached skill level 3 in Shields
  7429 | D:8      | Reached ** piety under Kikubaaqudgha
  7449 | D:8      | Found Iterul's Assorted Antiques.
  7452 | D:8      | Bought 2 grey potions for 43 gold pieces
  7452 | D:8      | Bought a dark potion for 21 gold pieces
  7452 | D:8      | Bought a scroll labelled MEPULY BOJIX for 24 gold pieces
  7504 | D:8      | Found Badenkav's Armour Shoppe.
  7574 | D:8      | Reached skill level 4 in Shields
  7674 | D:8      | Reached skill level 5 in Shields
  7943 | D:8      | Reached skill level 6 in Shields
  7957 | D:8      | Found a basalt altar of Yredelemnul.
  8046 | D:8      | Reached skill level 7 in Shields
  8046 | D:8      | Reached XP level 10. HP: 60/74 MP: 10/19
  8051 | D:8      | Reached skill level 8 in Shields
  8328 | D:8      | Reached skill level 9 in Shields
  8429 | D:8      | Reached skill level 10 in Shields
  8601 | D:9      | Reached skill level 11 in Shields
  8692 | D:9      | Reached skill level 12 in Shields
  8836 | D:9      | Reached *** piety under Kikubaaqudgha
  8836 | D:9      | Received a gift from Kikubaaqudgha
  8837 | D:9      | Fell from the grace of Kikubaaqudgha
  8843 | D:9      | Noticed a komodo dragon
  8974 | D:6      | Became a worshipper of Gozag Ym Sagoz the Greedy
  9046 | D:5      | You fall into a shaft and drop 1 floor!
  9094 | D:9      | Found a staircase to the Lair.
  9287 | D:9      | Reached skill level 13 in Shields
  9296 | D:9      | Learned a level 5 spell: Borgnjor's Vile Clutch
  9453 | D:9      | Reached XP level 11. HP: 78/79 MP: 15/20
  9488 | D:9      | Reached skill level 14 in Shields
 10060 | D:10     | Entered Level 10 of the Dungeon
 10060 | D:10     | Noticed a two-headed ogre
 10106 | D:10     | Noticed Psyche
 10117 | D:10     | Killed Psyche
 10180 | D:10     | Reached skill level 15 in Shields
 10180 | D:10     | Reached skill level 1 in Earth Magic
 10182 | D:10     | Found a flagged portal.
 10373 | D:10     | Noticed Erica
 10435 | Bailey   | Entered a bailey
 11075 | D:10     | Found a shimmering altar of Xom.
 11183 | D:10     | Killed a two-headed ogre
 11184 | D:10     | Reached skill level 5 in Necromancy
 11274 | D:10     | Found a large runed translucent door.
 11274 | D:10     | Found a large runed translucent door.
 11277 | D:10     | Noticed Beaer's ghost (journeyman TrFi)
 11749 | D:1      | Bought the +1 cloak of Muawk {rPois Regen+} for 227 gold
                  | pieces
 12068 | D:5      | Killed Duvessa
 12410 | D:10     | Killed Erica
 12548 | D:11     | Noticed a two-headed ogre
 12563 | D:11     | Killed a two-headed ogre
 12564 | D:11     | Reached skill level 5 in Earth Magic
 12681 | D:11     | Found Ceifugh's Gadget Gallery.
 12808 | D:11     | Got the Spellbook of the Curse and the Impact
 12945 | D:11     | Reached XP level 12. HP: 86/86 MP: 16/21
 13441 | Lair:1   | Entered Level 1 of the Lair of Beasts
 13669 | Lair:1   | Noticed a boulder beetle
 13725 | Lair:1   | Found a gate leading to a gauntlet.
 13735 | Gauntlet | Entered a Gauntlet
 13735 | Gauntlet | Found a transporter.
 13735 | Gauntlet | Found a transporter.
 13736 | Gauntlet | Found a transporter.
 13739 | Gauntlet | Found a transporter.
 13739 | Gauntlet | Found a transporter.
 13751 | Gauntlet | Found a transporter.
 13758 | Gauntlet | Found a transporter.
 13764 | Gauntlet | Found a transporter.
 13772 | Gauntlet | Found a transporter.
 13792 | Gauntlet | Found a transporter.
 13798 | Gauntlet | Found a transporter.
 13800 | Gauntlet | Noticed a tengu warrior
 13819 | Gauntlet | Found a transporter.
 14169 | Gauntlet | Killed a tengu warrior
 14256 | Gauntlet | HP: 3/86 [burnt (16)]
 14257 | Gauntlet | Incinerated by a smoke demon

Illustrated notes

Levels and vault maps discovered:
D:1:      psy_arrival_radial02, layout_basic, serial_shops,
          nicolae_shop_window_shopping
D:2:      minmay_door_path, layout_loops_corners, minmay_misc_feat_nine_boxes,
          chequers_garden
D:3:      layout_basic, nicolae_sif_muna_little_library,
          mainiacjoe_overflow_divided_tiny
D:4:      layout_cave_pools, mainiacjoe_overflow_chevrons,
          nicolae_qazlal_style_of_elements, hellmonk_ghost_happy_afterlife,
          minmay_misc_feat_iff, uniq_pikel
D:5:      layout_layer_cave, kennysheep_slug_shrine,
          minmay_temple_entry_large_hall, uniq_duvessa
D:6:      layout_rooms, mainiacjoe_overflow_catwalk, tso_oasis_becter,
          mainiacjoe_overflow_small_starburst, trog_book, pf_just_have_faith,
          uniq_jeremiah
D:7:      layout_loops_corners, nicolae_uskayaw_murder_on_the_dancefloor
D:8:      layout_cave_pods, nicolae_yredelemnul_corpse_copse, serial_shops,
          nicolae_shop_window_shopping, nicolae_shop_tiny_waterfront,
          kennysheep_generic_room_13
D:9:      layout_loops_corners, due_lair_maze_entry_diamond
D:10:     layout_roguey, mainiacjoe_overflow_paths, ebering_ghost_disaster_area,
          enter_bailey_2, uniq_erica, uniq_psyche
D:11:     layout_roguey, nicolae_shop_gadgets
Temple:   nicolae_temple_ecumenical_triangle
Lair:1:   layout_gridlike, gauntlet_entry_generic, wad_woods_road_01,
          serial_bayou_lagoon_a, lemuel_old_faithful, uniq_urug
Gauntlet: gammafunk_gauntlet_shortcut [gammafunk_gauntlet_arena_chambers,
          nicolae_gauntlet_swirl, gammafunk_gauntlet_arena_teeth,
          gammafunk_gauntlet_arena_crates, gammafunk_gauntlet_arena_split_x,
          nicolae_gauntlet_arena_quarters, dreamdust_gauntlet_exit_labyrinth]

Skill      XL: |  1  2  3  4  5  6  7  8  9 10 11 12 |
---------------+-------------------------------------+-----
Dodging        | 2 3 |  3.0
Fighting       | 1 2 3 4 5 |  5.0
Armour         | 1 2 3 4 5 |  5.0
Stealth        | 3 4 |  4.0
Conjurations   | 4 5 6 |  6.0
Spellcasting   | 3 4 6 |  6.0
Necromancy     | 3 4 6 8 |  8.7
Shields        | 7 13 15 | 15.0
Earth Magic    | 6 9 |  9.0

Action                     |  1- 3 |  4- 6 |  7- 9 | 10-12 || total
---------------------------+-------+-------+-------+-------++-------
  Melee: Unarmed           |    20 |       |       |       ||    20
         Dagger            |    21 |    13 |       |       ||    34
         Flail             |       |    39 |    28 |       ||    67
         Trident           |       |       |    24 |   117 ||   141
         Halberd           |       |       |       |   147 ||   147
   Fire: Sling             |       |       |     8 |       ||     8
   Cast: Magic Dart        |    50 |    59 |    16 |     7 ||   132
         Searing Ray       |       |    21 |    45 |    90 ||   156
         Sublimation of Bl |       |       |     4 |    18 ||    22
         Borgnjor's Vile C |       |       |       |     4 ||     4
 Invoke: Renounce Religion |       |       |       |     1 ||     1
Ability: Dig               |       |     2 |       |     3 ||     5
         Shaft Self        |       |       |       |     1 ||     1
    Use: Potion            |       |     4 |     1 |       ||     5
         Scroll            |       |       |     5 |     3 ||     8
   Stab: Sleeping          |     3 |     7 |     1 |     9 ||    20
         Distracted        |       |       |       |     1 ||     1
 Armour: Robe              |    26 |    49 |    66 |   146 ||   287
  Dodge: Dodged            |    34 |   100 |   108 |   164 ||   406
  Block: Kite shield       |       |       |     1 |    30 ||    31
         Tower shield      |       |       |       |   422 ||   422
         Reflection        |       |       |       |     1 ||     1
         Form:             |       |     1 |       |       ||     1
         Beast             |       |     1 |       |       ||     1
